 Dungeon Crawl Stone Soup version 0.29-a0-517-gbdf32494f2 (webtiles) character file.

Game seed: 15458948279342139400

16 Sabo the Charlatan (level 2, -4/14 HPs)
             Began as a Spriggan Artificer on May 30, 2022.
             Slain by Terence
             ... wielding a +2 flail of protection
              (12 damage)
             ... on level 2 of the Dungeon.
             The game lasted 00:08:18 (1201 turns).

Sabo the Charlatan (Spriggan Artificer)             Turns: 1201, Time: 00:08:19

Health: -4/14      AC:  2    Str:  8    XL:     2   Next: 41%
Magic:  3/3        EV: 18    Int: 12    God:
Gold:   56         SH:  0    Dex: 15    Spells: 1/1 levels left

rFire   . . .      SeeInvis +   j - +0 mace
rCold   . . .      Faith    .   (no shield)
rNeg    . . .      Spirit   .   b - +0 robe
rPois   .          Reflect  .   (helmet restricted)
rElec   .          Harm     .   (no cloak)
rCorr   .          Rampage  .   (gloves unavailable)
Will    .....                   (boots unavailable)
Stlth   ++........              (no amulet)
HPRegen 0.04/turn               (no ring)
MPRegen 0.08/turn               (no ring)

@: lethally poisoned (-4 -> -11), very quick
A: very small, no large weapons, unfitting armour, see invisible, speed 3
a: no special abilities


You were on level 2 of the Dungeon.
You visited 1 branch of the dungeon, and saw 2 of its levels.

You collected 86 gold pieces.
You spent 30 gold pieces at shops.

Inventory:

Hand Weapons
 j - a +0 mace (weapon)
Armour
 b - a +0 robe (worn)
Wands
 c - a wand of flame (13) (quivered)
 d - a wand of charming (15)
 e - a wand of iceblast (7)
Scrolls
 a - a scroll of enchant armour
 m - a scroll of magic mapping {unknown}
Potions
 g - 2 potions of curing
 i - a potion of attraction {unknown}
 l - a potion of might {unknown}


   Skills:
 + Level 0.7 Fighting
 + Level 0.2 Maces & Flails
 + Level 3.8 Dodging
 + Level 1.5 Stealth
 + Level 4.5 Evocations


You had one spell level left.
You didn't know any spells.
Your spell library contained the following spells:

 Spells                   Type           Power      Damage    Failure   Level
 Sting                    Tmut/Pois      0%         1d3       32%         1
 Poisonous Vapours        Pois/Air       0%         N/A       45%         2
 Olgreb's Toxic Radiance  Pois           0%         N/A       97%         4


Dungeon Overview and Level Annotations

Branches:
Dungeon (2/15)

Altars:

Shops:
D:1 *

Annotations:
D:2 Terence


Innate Abilities, Weirdness & Mutations

You are very small and have problems with some larger weapons.
You are too small for most types of armour.
You have supernaturally acute eyesight. (SInv)
You cover ground extremely quickly. (Speed+++)


Message History

Press: ? - help, Shift-Dir - straight line, f/p - Terence
Aim: Terence, wielding a +2 flail of protection and wearing a +0 scale mail The mass of ice explodes!
The iceblast engulfs Terence!
Terence is severely wounded.
Aiming: Throw Flame
Press: ? - help, Shift-Dir - straight line, f/p - Terence
Aim: Terence, wielding a +2 flail of protection and wearing a +0 scale mail (severely wounded, 77% to hit)
The puff of flame hits Terence but does no damage.
Terence is severely wounded.
You barely miss Terence.
Terence is severely wounded.
Terence hits you with a +2 flail of protection.
You hit Terence.
Terence is almost dead.
Terence misses you. The adder closely misses you. Terence barely misses you.
The adder misses you.
You completely miss Terence.
Terence is almost dead.
The adder closely misses you. Terence completely misses you.
The adder barely misses you.
You closely miss Terence.
Terence is almost dead.
Terence misses you. The adder barely misses you. Terence completely misses you.
You hit Terence but do no damage.
Terence is almost dead.
The adder completely misses you. The adder bites you but does no damage.
Terence completely misses you.
You hit Terence but do no damage.
Terence is almost dead.
The adder misses you. Terence barely misses you.
The adder completely misses you.
You hit Terence but do no damage.
Terence is almost dead.
The adder bites you.
You are poisoned.
The adder poisons you! Terence completely misses you.
The adder barely misses you.
Terence hits you with a +2 flail of protection!
Ouch! That really hurt!
You die...

#.....# #.....#
##.....# ..###..#.###
.........# .####.##.#
#. #.### .#
###.##...#########...#
#.....).......@......#
#......[>#...S@###...#
#........#####.# .#
#........## #.#
...#..#..# #.#
##.#.##..# #.# ....
#..# #.# ..# ##.# #.#


You could see Terence and an adder.

Vanquished Creatures
  A ball python (D:1)
  2 bats (D:1)
  2 endoplasms
  A giant cockroach (D:1)
  A goblin (D:2)
  A hobgoblin (D:1)
  A quokka (D:1)
  2 kobolds (D:1)
  3 rats (D:1)
14 creatures vanquished.

Notes
Turn   | Place    | Note
-------+----------+-------------------------------------------
     0 | D:1      | Sabo the Spriggan Artificer began the quest for the Orb.
     0 | D:1      | Reached XP level 1. HP: 9/9 MP: 2/2
   244 | D:1      | Found Tososeluj's General Store.
   259 | D:1      | Bought a potion of curing for 30 gold pieces
   603 | D:1      | Reached XP level 2. HP: 14/14 MP: 3/3
  1188 | D:2      | Noticed Terence
  1201 | D:2      | Slain by Terence

Illustrated notes

Levels and vault maps discovered:
D:1:      lemuel_arrival_cross, layout_basic, serial_shops, nicolae_shop_stone,
          minmay_pentomino_v2
D:2:      layout_rooms, shapermc_ecumenical_altar_mp_vishouse, uniq_terence

Action                   || total
-------------------------++-------
Melee: Club              ||    16
       Short sword       ||     9
       Mace              ||    19
       Punch             ||     1
Evoke: Wand              ||     4
  Use: Scroll            ||     2
 Stab: Sleeping          ||     2
Armor: Robe              ||     8
Dodge: Dodged            ||    47

Table legend: (Time is in decaauts)
 A = Elapsed time spent in this place.
 B = Non-inter-level travel time spent in this place.
 C = Inter-level travel time spent in this place.
 D = Time resting spent in this place.
 E = Time spent auto-exploring this place.
 F = Levels seen in this place.
 G = Mean time per level.
                   A        B        C        D        E       F      G
               +--------+--------+--------+--------+--------+-----+--------+
         Total |    809 |    809 |      0 |    107 |      0 |   2 |  404.5 |
       Dungeon |    809 |    809 |      0 |    107 |      0 |   2 |  404.5 |
               +--------+--------+--------+--------+--------+-----+--------+

Top non-repeatable levels by time:
     D:1: 730 daAuts
     D:2: 78 daAuts
